 Seeded DCSS version 0.29-a0-96-g93358da72b (webtiles) character file.

Game seed: 20220210 (custom seed)

93 a11behringer the Chopper (level 4, -3/34 (36) HPs)
             Began as a Hill Orc Berserker on Feb 12, 2022.
             Was a Believer of Trog.
             Slain by an orc wizard (4 damage)
             ... on level 3 of the Dungeon.
             The game lasted 00:02:47 (1776 turns).

a11behringer the Chopper (Hill Orc Berserker)       Turns: 1776, Time: 00:02:47

HP:   -3/34 (36)    AC:  2    Str: 21    XL:     4   Next: 62%
MP:   4/4           EV: 12    Int:  7    God:    Trog [**....]
Gold: 34            SH:  0    Dex: 12    Spells: 3/3 levels left

rFire   . . .      SeeInvis .   a - +0 hand axe
rCold   . . .      Faith    .   (no shield)
rNeg    . . .      Spirit   .   b - +0 animal skin
rPois   .          Reflect  .   (no helmet)
rElec   .          Harm     .   (no cloak)
rCorr   .          Rampage  .   (no gloves)
Will    ++...                   (no boots)
Stlth   +.........              (no amulet)
HPRegen 1.91/turn               (no ring)
MPRegen 0.09/turn               (no ring)

@: strong-willed (expiring), on berserk cooldown, regenerating (expiring),
slowed, drained, very slow
A: agile 1, frail 1, regeneration 1
a: Renounce Religion, Berserk, Trog's Hand


You were on level 3 of the Dungeon.
You worshipped Trog.
Trog was pleased with you.
You visited 1 branch of the dungeon, and saw 3 of its levels.

You collected 34 gold pieces.

Inventory:

Hand Weapons
 a - a +0 hand axe (weapon)
Missiles
 c - 24 bolts
Armour
 b - a +0 animal skin (worn)
Scrolls
 e - a scroll of acquirement {unknown}
 f - a scroll of teleportation {unknown}
Potions
 d - 2 potions of mutation
 g - a potion of heal wounds {unknown}
 h - a potion of degeneration {unknown}
 i - a potion of lignification {unknown}


   Skills:
 + Level 4.3 Fighting
 * Level 5.9 Axes
 + Level 2.4 Armour
 + Level 2.0 Dodging


You had 3 spell levels left.
You didn't know any spells.
Your spell library was empty.

Dungeon Overview and Level Annotations

Branches:
Dungeon (2/15)

Altars:


Innate Abilities, Weirdness & Mutations

You are agile. (Dex +2)
You are frail. (-10% HP)
Your natural rate of healing is unusually fast.


Message History

The centaur barely misses you.
It was a potion of mutation.
You feel extremely strange.
You feel agile.
You begin to heal more quickly.
You feel frail. The centaur closely misses you.
The centaur kicks you but does no damage.
The orc wizard hits you with a +1 dagger of draining.
* * * LOW HITPOINT WARNING * * *
You feel drained. The centaur barely misses you.
The centaur completely misses you.
Unknown command.
Unknown command.
Unknown command.
Unknown command.
Unknown command.
Unknown command.
Unknown command.
Unknown command.
Unknown command.
You hit the centaur.
The centaur is heavily wounded.
You completely miss the orc wizard.
You feel the effects of Trog's Hand fading.
The centaur hits you but does no damage.
The centaur barely misses you. The orc wizard barely misses you.
The centaur hits you.
* * * LOW HITPOINT WARNING * * *
The centaur kicks you but does no damage.
The orc wizard hits you with a +1 dagger of draining.
* * * LOW HITPOINT WARNING * * *
You feel drained.
You hit the centaur.
The centaur is heavily wounded.
You hit the orc wizard but do no damage.
The centaur closely misses you. The centaur kicks you.
* * * LOW HITPOINT WARNING * * *
The centaur hits you.
* * * LOW HITPOINT WARNING * * *
The centaur barely misses you.
The orc wizard hits you with a +1 dagger of draining.
You die...

#########
#.......#
#.#o@...#
#.....c#####
#.#...o
#.... ......
#...##. #...
.. #.. ##


You could see a centaur, an orc wizard and an orc.

Vanquished Creatures
  Natasha (twice) (D:2)
  A gnoll (D:1)
  5 endoplasms (D:1)
  2 giant cockroaches (D:1)
  5 goblins (D:1)
  4 hobgoblins (D:1)
  4 kobolds (D:1)
  2 ball pythons (D:1)
  5 bats (D:1)
  3 rats (D:1)
33 creatures vanquished.

Notes
Turn   | Place    | Note
-------+----------+-------------------------------------------
     0 | D:1      | a11behringer the Hill Orc Berserker began the quest for the
                  | Orb.
     0 | D:1      | Reached XP level 1. HP: 19/19 MP: 1/1
   221 | D:1      | Reached XP level 2. HP: 13/27 MP: 2/2
   732 | D:1      | Reached skill level 5 in Axes
   732 | D:1      | Reached XP level 3. HP: 25/33 MP: 3/3
  1233 | D:1      | Reached ** piety under Trog
  1705 | D:2      | Noticed Natasha
  1715 | D:2      | Killed Natasha
  1716 | D:2      | Reached XP level 4. HP: 25/40 MP: 4/4
  1752 | D:2      | Noticed Natasha
  1756 | D:2      | Killed Natasha
  1763 | D:2      | You fall into a shaft and drop 1 floor!
  1763 | D:3      | Noticed a centaur
  1774 | D:3      | Gained mutation: You are agile. (Dex +2) [potion of
                  | mutation]
  1774 | D:3      | Gained mutation: Your natural rate of healing is unusually
                  | fast. [potion of mutation]
  1774 | D:3      | Gained mutation: You are frail. (-10% HP) [potion of
                  | mutation]
  1776 | D:3      | HP: 1/34 [centaur (3)]
  1776 | D:3      | Slain by an orc wizard

Illustrated notes

Levels and vault maps discovered:
D:1:      dpeg_arrival_morbid_curiosity, layout_basic
D:2:      minmay_general_purpose_star, layout_loops_ring, minmay_distorted,
          uniq_natasha
D:3:      layout_basic, hellmonk_ecumenical_altar_leap_of_faith, uniq_terence

Skill      XL: |  1  2  3  4 |
---------------+-------------+-----
Fighting       | 4 |  4.3
Axes           | 5 |  5.9
Dodging        | 2 |  2.0
Armour         | |  2.4

Action                   |  1- 3 |  4- 6 || total
-------------------------+-------+-------++-------
Melee: Hand axe          |   111 |    11 ||   122
       Punch             |     2 |       ||     2
Invok: Berserk           |     2 |     1 ||     3
       Trog's Hand       |       |     1 ||     1
  Use: Potion            |       |     1 ||     1
Armor: Animal skin       |    28 |     8 ||    36
Dodge: Dodged            |    69 |    27 ||    96

Table legend: (Time is in decaauts)
 A = Elapsed time spent in this place.
 B = Non-inter-level travel time spent in this place.
 C = Inter-level travel time spent in this place.
 D = Time resting spent in this place.
 E = Time spent auto-exploring this place.
 F = Levels seen in this place.
 G = Mean time per level.
                   A        B        C        D        E       F      G
               +--------+--------+--------+--------+--------+-----+--------+
         Total |   1810 |   1764 |     46 |      0 |   1532 |   3 |  603.3 |
       Dungeon |   1810 |   1764 |     46 |      0 |   1532 |   3 |  603.3 |
               +--------+--------+--------+--------+--------+-----+--------+

Top non-repeatable levels by time:
     D:1: 1724 daAuts
     D:2: 66 daAuts
     D:3: 19 daAuts
